 Dungeon Crawl Stone Soup version 0.27-a0-1181-g5f64966fcc (webtiles) character file.

Game seed: 14816675643138264513

854 leviel the Magician (level 8, 0/51 HPs)
             Began as a Djinni Earth Elementalist on May 17, 2021.
             Slain by a gnoll
             ... wielding a +2 halberd of flaming
              (1 damage)
             ... on level 5 of the Dungeon.
             The game lasted 00:07:03 (5574 turns).

leviel the Magician (Djinni Earth Elementalist)     Turns: 5574, Time: 00:07:03

Health: 0/51       AC:  3    Str:  7    XL:     8   Next: 21%
Gold:   120        EV:  6    Int: 18    God:
                   SH:  0    Dex: 15

rFire    + + .     SeeInvis .   (no weapon)
rCold    x . .     Faith    .   r - +0 buckler
rNeg     + . .     Spirit   .   c - +0 robe
rPois    ∞         Reflect  .   (no helmet)
rElec    .         Harm     .   (no cloak)
rCorr    .         Rampage  .   i - +0 pair of gloves
Will     .....                  (boots unavailable)
Stlth    ++........             (no amulet)
HPRegen  0.17/turn              k - ring of positive energy
MPRegen  0.00/turn              (no ring)

@: flying, very slightly contaminated, held
A: sickness immunity, fire resistance 2, cold vulnerability 1, float, innate
caster, hp casting, extra vitality 1
a: no special abilities


You were on level 5 of the Dungeon.
You visited 1 branch of the dungeon, and saw 5 of its levels.

You collected 120 gold pieces.

Inventory:

Missiles
 f - 121 stones
Armour
 c - a +0 robe (worn)
 i - a +0 pair of gloves (worn)
 r - a +0 buckler (worn)
Jewellery
 k - a ring of positive energy (left hand)
Scrolls
 a - 2 scrolls of teleportation {unknown}
 b - a scroll of fear {unknown}
 h - a scroll of noise {unknown}
 l - a scroll of immolation {unknown}
 n - a scroll of holy word {unknown}
 o - a scroll of fog {unknown}
 q - 3 scrolls of identify {unknown}
Potions
 d - 2 potions of curing {unknown}
 e - 2 potions of lignification {unknown}
 g - 2 potions of degeneration {unknown}
 j - 2 potions of ambrosia {unknown}
 m - a potion of brilliance {unknown}
 p - a potion of attraction {unknown}


   Skills:
 + Level 0.3 Fighting
 + Level 3.0 Dodging
 + Level 3.2 Stealth
 + Level 0.1 Unarmed Combat
 + Level 6.5 Spellcasting


You couldn't memorise any spells.
You knew the following spells:

 Your Spells              Type           Power      Damage    Failure   Level
a - Sandblast             Erth           58%        2d13      1%          1
b - Passwall              Tmut/Erth      24%        N/A       1%          2
c - Stone Arrow           Conj/Erth      58%        3d10      4%          3
d - Petrify               Tmut/Erth      29%        N/A       13%         4
e - Lee's Rapid Deconstr  Erth           14%        3d10*     36%         5
f - Shock                 Conj/Air       100%       1d9       1%          1
g - Ensorcelled Hibernat  Hex/Ice        58%        N/A       1%          2
h - Confusing Touch       Hex            29%        N/A       4%          3
Your spell library was empty.

Dungeon Overview and Level Annotations

Branches:
Dungeon (5/15)
 Temple: D:4-7

Altars:
Dithmenos
Fedhas
Qazlal
Uskayaw
Xom


Innate Abilities, Weirdness & Mutations

You are immune to sickness and miasma.
You are immune to poison.
Your flesh is very heat resistant. (rF++)
You are vulnerable to cold. (rC-)
You float through the air rather than walking.
You learn spells naturally, not from books.
Your magical power is your life essence.
You have superior vitality. (+4 HP)


Message History

The stone arrow hits the gnoll!
You kill the gnoll!
A gnoll shaman comes into view. It is wielding a +0 whip.
A gnoll shaman is nearby!
A gnoll comes into view. It is wielding a +0 flail.
A gnoll comes into view. It is wielding a +0 spear.
The gnoll shaman calls upon its god to speed up the gnoll.
The gnoll shouts!
The gnoll seems to speed up.
A gnoll comes into view. It is wielding a +2 halberd of flaming.
The gnoll shouts!
The stone arrow hits the gnoll shaman!
The gnoll shaman is heavily wounded.
The stone arrow hits the gnoll shaman.
The gnoll shaman is severely wounded.
The stone arrow hits the gnoll!!
You kill the gnoll!
You miscast Stone Arrow.
You are very lightly contaminated with residual magic.
Nothing appears to happen.
The gnoll shaman hits you with a +0 whip.
The stone arrow hits the gnoll shaman!
You kill the gnoll shaman!
You are too injured to fight recklessly!
Unknown command.
The gnoll throws a throwing net.
The throwing net completely misses you.
The gnoll throws a throwing net.
The throwing net hits you.
You become entangled in the net!
You see here a throwing net.
You struggle against the net.
You struggle against the net.
The gnoll hits you from afar with a +2 halberd of flaming!
* * * LOW HITPOINT WARNING * * *
The gnoll burns you.
* * * LOW HITPOINT WARNING * * *
You tear a large gash into the net.
The gnoll hits you from afar with a +2 halberd of flaming!
* * * LOW HITPOINT WARNING * * *
The gnoll burns you.
You die...

#.........#................
##.#......##.......#.......
.......#..# #.....##.....
##.#..##..# #....#....#
#........>. ##........#
#.....#... ##.........#
#.....###.###..........###
#.........##......g.......
##....##>.#..(..@.g)).#
#.#...##............###
#†....##...........##
#.....######......##
#.#....†.........##
##....#######...## #.....#
#..## ##....# ...# #.#...#
#....


You could see 2 gnolls.

Vanquished Creatures
  Menkaure (D:4)
  A necrophage (D:4)
  Blork the orc (D:5)
  A scorpion (D:5)
  4 crimson imps (D:5)
  An orc priest (D:4)
  A gnoll shaman (D:5)
  2 hounds
  An orc wizard (D:4)
  An iguana (D:5)
  3 gnolls (D:5)
  8 adders
  3 ufetubi
  An adder skeleton (D:5)
  2 worms (D:2)
  A dart slug (D:1)
  3 orcs
  5 ball pythons
  7 endoplasms
  4 giant cockroaches
  8 goblins
  4 hobgoblins
  11 jackals
  3 quokkas
  5 bats
  4 frilled lizards
  7 kobolds
  10 rats
103 creatures vanquished.

Vanquished Creatures (others)
  2 fungi (D:1)
  3 plants (D:1)
5 creatures vanquished.

Grand Total: 108 creatures vanquished

Notes
Turn   | Place    | Note
-------+----------+-------------------------------------------
     0 | D:1      | leviel the Djinni Earth Elementalist began the quest for
                  | the Orb.
     0 | D:1      | Reached XP level 1. HP: 15/15 MP: 0/0
   485 | D:1      | Reached XP level 2. HP: 17/21 MP: 0/0
   681 | D:1      | Reached skill level 3 in Spellcasting
   861 | D:1      | Reached XP level 3. HP: 19/25 MP: 0/0
   861 | D:1      | Learned a level 1 spell: Shock
  1095 | D:1      | Found a faded altar of an unknown god.
  1807 | D:2      | Reached XP level 4. HP: 25/31 MP: 0/0
  1962 | D:2      | Found a shadowy altar of Dithmenos.
  2384 | D:2      | Reached XP level 5. HP: 17/35 MP: 0/0
  2384 | D:2      | Learned a level 2 spell: Ensorcelled Hibernation
  2953 | D:2      | Reached skill level 4 in Spellcasting
  3724 | D:4      | Found a stormy altar of Qazlal.
  3792 | D:4      | Noticed Menkaure
  3801 | D:4      | Killed Menkaure
  3802 | D:4      | Reached XP level 6. HP: 20/40 MP: 0/0
  4004 | D:4      | Noticed a necrophage
  4006 | D:4      | Killed a necrophage
  4007 | D:4      | Reached skill level 5 in Spellcasting
  4092 | D:4      | Reached XP level 7. HP: 39/45 MP: 0/0
  4092 | D:4      | Learned a level 3 spell: Confusing Touch
  4155 | D:4      | Found a hide-covered altar of Uskayaw.
  5070 | D:5      | Entered Level 5 of the Dungeon
  5128 | D:5      | Found a blossoming altar of Fedhas.
  5167 | D:5      | Found a shimmering altar of Xom.
  5291 | D:5      | Noticed Blork the orc
  5295 | D:5      | Killed Blork the orc
  5296 | D:5      | Reached skill level 6 in Spellcasting
  5466 | D:5      | Reached XP level 8. HP: 47/50 MP: 0/0
  5574 | D:5      | HP: 1/51 [gnoll/+2 halberd of flaming (7)]
  5574 | D:5      | Slain by a gnoll

Illustrated notes

Levels and vault maps discovered:
D:1:      minmay_arrival_stair_chambers, layout_loops_ring,
          shapermc_ecumenical_altar_mp_ritualfount
D:2:      layout_loops_ring, basic_altar, nrook_campfire
D:3:      layout_basic, chequers_serial_rivers_micro_c
D:4:      layout_basic, old_standard_altar, nicolae_uskayaw_suspiria,
          uniq_menkaure
D:5:      wad_river_or_something, layout_rooms,
          nzn_overflow_gifts_of_might_and_magic, led_xom_imps,
          lemuel_crystal_altar, nrook_loot_triangle, minmay_diced_spiral,
          uniq_blork_the_orc, uniq_crazy_yiuf_cottage

Skill      XL: |  1  2  3  4  5  6  7  8 |
---------------+-------------------------+-----
Spellcasting   | 3 4 5 6 |  6.5
Stealth        | 2 3 |  3.2
Dodging        | 3 |  3.0
Fighting       | |  0.3
Unarmed Combat | |  0.1

Action                   |  1- 3 |  4- 6 |  7- 9 || total
-------------------------+-------+-------+-------++-------
Melee: Unarmed           |     3 |       |       ||     3
 Cast: Sandblast         |    51 |       |       ||    51
       Shock             |     7 |    92 |     4 ||   103
       Stone Arrow       |       |     6 |    30 ||    36
Armor: Robe              |     2 |     3 |     2 ||     7
Dodge: Dodged            |    11 |    10 |     3 ||    24

Table legend: (Time is in decaauts)
 A = Elapsed time spent in this place.
 B = Non-inter-level travel time spent in this place.
 C = Inter-level travel time spent in this place.
 D = Time resting spent in this place.
 E = Time spent auto-exploring this place.
 F = Levels seen in this place.
 G = Mean time per level.
                   A        B        C        D        E       F      G
               +--------+--------+--------+--------+--------+-----+--------+
         Total |   5572 |   5340 |    232 |    606 |   4305 |   5 | 1114.4 |
       Dungeon |   5572 |   5340 |    232 |    606 |   4305 |   5 | 1114.4 |
               +--------+--------+--------+--------+--------+-----+--------+

Top non-repeatable levels by time:
     D:1: 1708 daAuts
     D:4: 1354 daAuts
     D:2: 1335 daAuts
     D:3: 670 daAuts
     D:5: 503 daAuts
